Map: [ESL] Stargazers

Players

ByuN - Winner!

  • Race: Terran Terran
  • Spawn Location: 11:00

gumiho

  • Race: Terran Terran
  • Spawn Location: 1:00

Event: TSL 9

VOD

Have the link to the VOD?

Description

Time

  • Played on: Sept. 2, 2022, 8:32 a.m.
  • Length: 3:17

All games in this series

Show
View Real Time Build Order
Export as new Build Order

ByuN Terran - Winner!

Build Orders:  

Get SALT Encoding   

  12  0:00  SCV  
  13  0:12  SCV  
  14  0:17  Supply Depot  
  14  0:24  SCV  
  15  0:38  SCV  
  15  0:40  Barracks  
  16  0:45  Refinery  
  16  0:57  Barracks  
  16  1:00  SCV  
  17  1:13  SCV  
  19  1:25  SCV  
  19  1:27  Supply Depot, Reaper  
  19  1:28  Refinery  
  21  1:40  Orbital Command  
  21  1:45  Reaper  
  21  1:59  Reaper  
  22  2:06  SCV  
  23  2:17  Reaper  
  23  2:18  SCV  
  25  2:29  Factory  
  25  2:30  SCV  
  25  2:36  Reaper  
  27  2:42  SCV  
  28  2:54  SCV  
  28  3:12  Command Center  
Show
View Real Time Build Order
Export as new Build Order

gumiho Terran 

Build Orders: Reaper Expand 

Get SALT Encoding   

  12  0:00  SCV  
  13  0:12  SCV  
  14  0:16  Supply Depot  
  14  0:24  SCV  
  15  0:38  SCV  
  15  0:39  Barracks  
  15  0:42  Refinery  
  16  0:50  SCV  
  17  1:02  SCV  
  18  1:14  SCV  
  19  1:26  Reaper, Orbital Command  
  20  1:40  Command Center  
  20  1:48  Supply Depot  
  20  1:52  SCV  
  21  1:57  Marine  
  22  2:05  SCV  
  23  2:08  Factory  
  23  2:15  Marine  
  23  2:17  SCV  
  23  2:20  Refinery  
  25  2:29  SCV  
  26  2:33  Marine  
  26  2:41  SCV  
  24  2:51  Marine  
  22  2:53  SCV  
Tags
 
Event
TSL 9
Matchup
TvT
Race
Terran
Spawn Locations
Close Positions
Add a new tag
Caveats
  • Supply blocks, unpowered buildings, or Contaminate may cause inaccurate times.
  • Supply counts are checked every 10 seconds.